 Dungeon Crawl Stone Soup version 0.26.0-7-g794d0892b4 (webtiles) character file.

Game seed: 18280720146415691557

99180 teolandon225 the Severer (level 15, -1/139 HPs)
             Began as a Minotaur Berserker on Jan 11, 2021.
             Was a High Priest of Trog.
             Slain by a swamp worm (6 damage)
             ... on level 1 of the Swamp.
             The game lasted 01:07:24 (28611 turns).

teolandon225 the Severer (Minotaur Berserker)      Turns: 28611, Time: 01:07:25

Health: -1/139     AC: 32    Str: 34    XL:     15   Next: 77%
Magic:  14/14      EV: 13    Int:  4    God:    Trog [*****.]
Gold:   1072       SH: 13    Dex: 10    Spells: 14/14 levels left

rFire    . . .     SeeInvis +   p - +7 broad axe "Ypiaw" {flame, Str+4 Stlth+}
rCold    . . .     Faith    +   W - +0 kite shield {reflect}
rNeg     . . .     Spirit   .   G - +8 plate armour of Uskayaw's Outrage {Slay+3}
rPois    +         Reflect  +   f - +1 hat
rElec    .         Harm     .   V - +0 cloak {rPois}
rCorr    .         Rampage  .   v - +2 pair of gloves
Will     +....                  F - +0 pair of boots
Stlth    ..........             X - amulet of faith
HPRegen  0.33/turn              s - ring of stealth
MPRegen  0.14/turn              l - ring "Pozov" {Str+2 Int+2 SInv}

@: berserk cooldown, slowed, studying Unarmed Combat, very slow
A: retaliatory headbutt, horns 2, dopey 1
a: Renounce Religion, Berserk, Trog's Hand, Brothers in Arms


You were on level 1 of the Swamp.
You worshipped Trog.
Trog was extremely pleased with you.
You visited 3 branches of the dungeon, and saw 22 of its levels.
You also visited: Gauntlet and Volcano.

You collected 2031 gold pieces.
You spent 959 gold pieces at shops.

Inventory:

Hand Weapons
 p - the +7 broad axe "Ypiaw" (weapon) {flame, Str+4 Stlth+}
   (You acquired it on level 1 of the Lair of Beasts)

   It has been specially enchanted to burn those struck by it, causing extra
   injury to most foes and up to half again as much damage against particularly
   susceptible opponents.
   Big, fiery blades are also staple armaments of hydra-hunters.
   It affects your strength (+4).
   It makes you more stealthy.
 t - a +3 antimagic executioner's axe
 Y - a +6 antimagic battleaxe
Armour
 f - a +1 hat (worn)
 v - a +2 pair of gloves (worn)
 C - a scarf of repulsion
 F - a +0 pair of boots (worn)
 G - the +8 plate armour of Uskayaw's Outrage (worn) {Slay+3}
   (You found it in a Gauntlet)

   It affects your accuracy and damage with ranged weapons and melee attacks
   (+3).
 I - the +3 chain mail "Peul" {rF+ rN+}
   (You found it on level 6 of the Dungeon)

   It protects you from fire.
   It protects you from negative energy.
 R - the +3 warlock's mirror {reflect}
   (You found it on level 9 of the Dungeon)
 V - a +0 cloak of poison resistance (worn)
 W - a +0 kite shield of reflection (worn)
 Z - a +7 plate armour of poison resistance
Jewellery
 d - the amulet of Deeryev {Acrobat Will+}
   (You took it off a kobold on level 8 of the Dungeon)

   [amulet of the acrobat]

   It helps you evade while moving and waiting.
   It affects your willpower, your defense against some magical effects.
 i - an uncursed ring of ice
 j - an uncursed ring of protection from fire
 l - the ring "Pozov" (right hand) {Str+2 Int+2 SInv}
   (You found it on level 13 of the Dungeon)

   [ring of see invisible]

   It affects your strength (+2).
   It affects your intelligence (+2).
   It lets you see invisible.
 s - a ring of stealth (left hand)
 x - a +4 ring of protection
 z - a +4 ring of protection
 B - an uncursed ring of positive energy
 E - the ring of Vig Cyet {rPois EV-4}
   (You found it in a Gauntlet)

   [ring of evasion]

   It affects your evasion (-4).
   It protects you from poison.
 L - an uncursed amulet of regeneration
 X - an amulet of faith (around neck)
Wands
 a - a wand of polymorph (7)
 c - a wand of paralysis (23)
 h - a wand of acid (23)
 u - a wand of random effects (29)
 M - a wand of digging (17)
 O - a wand of iceblast (15)
 S - a wand of flame (77)
 U - a wand of enslavement (10)
Scrolls
 b - 2 scrolls of fear
 g - a scroll of blinking
 n - 4 scrolls of magic mapping
 o - 3 scrolls of identify
 r - 3 scrolls of remove curse
 w - 2 scrolls of enchant weapon
 y - 5 scrolls of fog
 A - 4 scrolls of teleportation
 D - a scroll of summoning {unknown}
Potions
 e - 3 potions of resistance
 k - 13 potions of curing
 m - 3 potions of might
 q - 2 potions of ambrosia
 H - a potion of magic
 J - 5 potions of flight
 N - 3 potions of lignification
 P - a potion of invisibility
 T - 3 potions of haste
Books
 K - a manual of Unarmed Combat


   Skills:
 - Level 14.7 Fighting
 - Level 19.6 Axes
 - Level 14.6 Armour
 - Level 13.5 Dodging
 + Level 9.1 Shields


You had 14 spell levels left.
You didn't know any spells.
Your spell library contained the following spells:

 Spells                   Type           Power        Failure   Level
 Blink                    Tloc           N/A          100%        2
 Gell's Gravitas          Tloc           0%           100%        3
 Lesser Beckoning         Tloc           0%           100%        3
 Teleport Other           Tloc           0%           100%        3
 Passage of Golubria      Tloc           N/A          100%        4


Dungeon Overview and Level Annotations

Branches:
Dungeon (15/15)            Temple (0/1) D:7            Lair (6/6) D:9
  Swamp (1/4) Lair:2       Spider (0/4) Lair:2        Slime (0/5) Lair:5
    Orc (0/2) D:11         Vaults (0/5) D:14         Depths (0/5) D:15
Volcano (visited)         Gauntlet (visited)

Altars:
Cheibriados
Dithmenos
Elyvilon
Gozag
Hepliaklqana
Kikubaaqudgha
Makhleb
Okawaru
Qazlal
Ru
Sif Muna
Trog
Uskayaw
Vehumet
Zin
Beogh
Jiyva

Shops:
D:5 [   D:8 *   D:9 *

Portals:
Hell: Lair:6

Annotations:
D:7 exclusion: downstairs
D:8 exclusion: downstairs
D:9 exclusion: downstairs
D:11 2 transporters
Lair:1 exclusion: downstairs
Lair:4 exclusion: 4 oklob plants
Lair:5 1 runed translucent door, exclusion: downstairs
Lair:6 exclusion: oklob plant


Innate Abilities, Weirdness & Mutations

You reflexively headbutt those who attack you in melee.
You have a pair of horns on your head.
You are dopey. (Int -2)


Message History

There is a stone staircase leading down here.
The swamp worm fires a harpoon shot at you.
The harpoon shot hits you.
* * * LOW HITPOINT WARNING * * *
You stop descending the stairs.
You are yanked forward by the harpoon shot.
Splash!
You fall into the shallow water.
Moving in this stuff is going to be slow.
The swamp worm bites you!
* * * LOW HITPOINT WARNING * * *
The swamp worm fires a harpoon shot at you.
The harpoon shot hits you!
* * * LOW HITPOINT WARNING * * *
You are yanked forward by the harpoon shot.
Splash!
You fall into the shallow water.
Moving in this stuff is going to be slow.
The swamp worm bites you.
You die...

.♣ ..♣ ♣♣♣♣♣
≈≈.♣♣♣♣..≈♣
≈≈........♣ ≈...
≈≈.≈≈....≈♣ ≈≈.
≈≈..≈.....♣ ≈≈≈≈..
.≈♣♣≈.≈≈.≈♣ ≈§≈..
..(...≈w≈.♣
≈...♣♣♣§...≈≈.≈n@>♣
.^....≈....≈≈≈?≈≈.≈♣
...≈≈♣..♣≈≈..[....♣♣
.....≈♣ .......≈≈.≈
.≈≈..♣ ♣..≈≈≈≈....♣
....♣ ♣♣.≈≈≈≈..≈.♣
♣.≈♣♣♣♣♣♣.....≈....♣
≈≈.♣♣♣.≈..≈≈≈≈≈≈.♣♣♣
.♣♣♣♣≈≈≈$.≈≈≈≈≈≈.♣


You could see a bog body and a swamp worm.

Vanquished Creatures
  An ironheart preserver (D:14)
  A dire elephant (Gauntlet)
  A minotaur (Gauntlet)
  2 bunyips (Swamp:1)
  Snorg (D:13)
  An eleionoma (Swamp:1)
  Josephine (D:11)
  A fire dragon (D:15)
  11 hydras
  3 centaur warriors
  3 boulder beetles
  6 death yaks (Lair:5)
  2 alligators (Swamp:1)
  6 two-headed ogres
  A death knight (D:15)
  An ogre mage (D:14)
  A hell knight (Volcano)
  Sonja (D:10)
  Nergalle (D:11)
  A skeletal warrior (D:13)
  A sixfirhy (Lair:6)
  A salamander mystic (Volcano)
  A glowing orange brain (D:15)
  A spriggan druid (Swamp:1)
  A swamp dragon (Swamp:1)
  An obsidian statue (Volcano)
  A bog body (Lair:2)
  2 unseen horrors
  A wizard (D:14)
  A shining eye (shapeshifter) (D:15)
  2 deep elf magi (D:15)
  2 salamanders (Volcano)
  A will-o-the-wisp (Swamp:1)
  2 cyclopes
  2 ugly things
  9 elephants
  2 manticores
  6 black mambas
  Maurice (D:11)
  Psyche (D:8)
  11 cane toads
  An orange demon (Lair:6)
  2 kobold demonologists
  An efreet (D:14)
  3 rime drakes
  A freezing wraith (D:15)
  An ice devil (Lair:6)
  13 komodo dragons
  2 tengu conjurers (D:15)
  A hellwing (Lair:6)
  6 trolls
  3 jumping spiders (Lair:2)
  A troll (shapeshifter) (D:15)
  2 red devils (Lair:6)
  3 hornets
  2 polar bears (Lair:5)
  3 meliai
  Grinder (D:5)
  A raiju (Gauntlet)
  20 blink frogs
  8 slime creatures
  2 centaur simulacra (Gauntlet)
  6 redbacks (Lair:2)
  A ynoxinul (D:8)
  10 wraiths
  A spriggan (Swamp:1)
  2 tarantellas (shapeshifter) (D:15)
  A shadow (D:13)
  A vampire (D:12)
  7 wyverns
  5 fire bats (Volcano)
  56 yaks
  A golden eye (shapeshifter) (D:15)
  A steam dragon (Gauntlet)
  A fire elemental (Lair:4)
  6 basilisks
  3 wargs
  12 vampire mosquitoes
  A warg (shapeshifter) (D:15)
  3 swamp worms (Swamp:1)
  An acid dragon (D:14)
  4 hell hounds (Lair:6)
  A soldier ant (D:9)
  19 water moccasins
  5 ice beasts
  2 sky beasts
  11 orc warriors
  3 black bears
  8 ogres
  A phantom (D:6)
  A necrophage (D:7)
  16 wolves
  24 centaurs
  A big kobold (D:8)
  19 bullfrogs
  2 wyvern skeletons (D:14)
  8 scorpions
  4 wights (D:11)
  2 electric eels
  6 howler monkeys
  4 centaur zombies
  6 lava snakes (Volcano)
  4 hounds
  2 wyvern simulacra
  5 jellies
  2 bullfrog skeletons
  10 orc priests
  5 centaur skeletons
  Ijyb (D:4)
  7 iguanas
  14 orc wizards
  9 worker ants
  A killer bee zombie (D:5)
  2 bullfrog simulacra (Gauntlet)
  4 hound skeletons
  A howler monkey zombie (D:5)
  15 adders
  4 gnolls
  3 shadow imps
  4 white imps
  3 ufetubi
  4 adder zombies
  3 adder skeletons
  2 worms
  2 dart slugs
  8 leopard geckos
  76 orcs
  3 ball pythons
  6 bats
  8 giant cockroaches
  5 goblins
  6 hobgoblins
  10 jackals
  5 quokkas
  4 frilled lizards
  A jackal skeleton (D:5)
  16 kobolds
  A leopard gecko skeleton (D:7)
  4 quokka zombies (D:5)
  3 rats
702 creatures vanquished.

Vanquished Creatures (collateral kills)
  2 skeletal warriors (D:13)
  A wizard (Lair:6)
  A salamander (Volcano)
  An ugly thing (D:11)
  An ice devil (Lair:6)
  A hell hound (Lair:6)
  A soldier ant (D:13)
  An orc warrior (D:13)
  An orc wizard (D:9)
  2 gnolls (D:9)
  3 orcs
15 creatures vanquished.

Vanquished Creatures (others)
  A bloated husk (Swamp:1)
  A hound (D:14)
  8 foxfires (Swamp:1)
  20 fungi
  37 plants
67 creatures vanquished.

Grand Total: 784 creatures vanquished

Notes
Turn   | Place    | Note
-------+----------+-------------------------------------------
     0 | D:1      | teolandon225 the Minotaur Berserker began the quest for the
                  | Orb.
     0 | D:1      | Reached XP level 1. HP: 19/19 MP: 0/0
   313 | D:1      | Reached XP level 2. HP: 22/27 MP: 1/1
   319 | D:1      | Reached skill level 4 in Axes
   795 | D:2      | Reached XP level 3. HP: 33/33 MP: 2/2
   795 | D:2      | Reached ** piety under Trog
  1818 | D:2      | Reached XP level 4. HP: 30/40 MP: 3/3
  2141 | D:2      | Found a hazy altar of Hepliaklqana.
  2472 | D:3      | Reached skill level 5 in Axes
  2540 | D:3      | Reached XP level 5. HP: 41/47 MP: 4/4
  3415 | D:4      | Reached *** piety under Trog
  3583 | D:4      | Reached XP level 6. HP: 41/55 MP: 5/5
  3870 | D:4      | Reached skill level 5 in Fighting
  3870 | D:4      | Reached skill level 6 in Axes
  4076 | D:4      | Noticed Ijyb
  4115 | D:4      | Killed Ijyb
  4613 | D:5      | Entered Level 5 of the Dungeon
  4685 | D:5      | Reached XP level 7. HP: 61/61 MP: 6/6
  4734 | D:5      | Noticed Grinder
  4751 | D:5      | Killed Grinder
  4752 | D:5      | Reached skill level 7 in Axes
  4752 | D:5      | Reached skill level 5 in Armour
  5080 | D:5      | Found Kosesusu's Armour Shoppe.
  5100 | D:5      | Identified Vead Hup's Tome of the Rocks and Cold
  5117 | D:5      | Found a sacrificial altar of Ru.
  5139 | D:5      | Reached skill level 5 in Dodging
  5139 | D:5      | Reached XP level 8. HP: 70/70 MP: 7/7
  5313 | D:5      | Reached skill level 8 in Axes
  5782 | D:6      | Reached **** piety under Trog
  5879 | D:6      | Reached skill level 9 in Axes
  6248 | D:6      | Got a spiked chain mail
  6615 | D:7      | Found a staircase to the Ecumenical Temple.
  6919 | D:7      | Noticed a hornet
  6930 | D:7      | Paralysed by a hornet for 1 turns
  6932 | D:7      | Killed a hornet
  6933 | D:7      | Reached XP level 9. HP: 52/79 MP: 8/8
  7178 | D:7      | Found an iron altar of Okawaru.
  7207 | D:7      | Reached skill level 10 in Axes
  7482 | D:7      | Found a stormy altar of Qazlal.
  7718 | D:8      | Reached ***** piety under Trog
  8701 | D:8      | Found Juboanex's Assorted Antiques.
  8854 | D:2      | You fall into a shaft and drop 2 floors!
  8957 | D:8      | Bought a runed sapphire ring for 130 gold pieces
  8957 | D:8      | Bought a bubbling sapphire potion for 23 gold pieces
  8988 | D:8      | Identified the +3 chain mail "Peul" {rF+ rN+} (You found it
                  | on level 6 of the Dungeon)
  9056 | D:8      | Identified the amulet of Deeryev {Acrobat Will+}
  9160 | D:8      | Noticed a two-headed ogre
  9296 | D:8      | Noticed Psyche
  9303 | D:8      | Killed Psyche
  9304 | D:8      | Reached skill level 11 in Axes
  9360 | D:8      | Noticed a troll
  9379 | D:8      | Killed a troll
  9540 | D:8      | Found a bloodstained altar of Trog.
  9550 | D:8      | Found a shimmering blue altar of Sif Muna.
  9560 | D:8      | Reached XP level 10. HP: 90/90 MP: 9/9
  9564 | D:8      | Identified Sif Muna's Volume of the Voyage and Ice
  9723 | D:8      | Killed an unseen horror
  9882 | D:9      | Found a staircase to the Lair.
 10042 | D:9      | Found a white marble altar of Elyvilon.
 10168 | D:9      | Found a shadowy altar of Dithmenos.
 10168 | D:9      | Found an opulent altar of Gozag.
 10190 | D:9      | Found a radiant altar of Vehumet.
 10190 | D:9      | Found an ancient bone altar of Kikubaaqudgha.
 10212 | D:9      | Found a hide-covered altar of Uskayaw.
 10213 | D:9      | Found a glowing silver altar of Zin.
 10302 | D:8      | Reached skill level 12 in Axes
 10380 | D:8      | Killed a two-headed ogre
 10530 | D:9      | Found Yzalaik's Assorted Antiques.
 10550 | D:9      | Found the +3 warlock's mirror {reflect}
 10873 | D:10     | Entered Level 10 of the Dungeon
 10958 | D:10     | Killed an unseen horror
 11106 | D:10     | Found an ancient bone altar of Kikubaaqudgha.
 11219 | D:10     | Received a gift from Trog
 11228 | D:10     | Reached XP level 11. HP: 99/99 MP: 10/10
 11232 | D:10     | Reached skill level 13 in Axes
 11658 | D:11     | Noticed a cyan ugly thing
 11658 | D:11     | Noticed Sonja
 11663 | D:11     | Killed a cyan ugly thing
 12679 | D:11     | Noticed a cyan ugly thing
 12685 | D:11     | Killed a cyan ugly thing
 12686 | D:11     | Reached skill level 10 in Fighting
 12687 | D:11     | Found a staircase to the Orcish Mines.
 12707 | D:11     | Found a roughly hewn altar of Beogh.
 12954 | D:11     | Noticed a six-headed hydra
 12961 | D:11     | Killed a ten-headed hydra
 12962 | D:11     | Reached skill level 10 in Armour
 13122 | D:11     | Noticed Josephine
 13139 | D:11     | Killed Josephine
 13140 | D:11     | Noticed Nergalle
 13166 | D:11     | Found a transporter.
 13172 | D:11     | Noticed an ogre mage
 13173 | D:11     | Found a roughly hewn altar of Beogh.
 13173 | D:11     | Found a transporter.
 13387 | D:11     | Noticed a sun demon
 13584 | D:11     | Reached skill level 14 in Axes
 13691 | D:11     | Noticed a two-headed ogre
 13698 | D:11     | Killed a two-headed ogre
 13761 | D:11     | Noticed Maurice
 13771 | D:11     | Killed Maurice
 14114 | D:11     | Killed Nergalle
 14307 | Lair:1   | Entered Level 1 of the Lair of Beasts
 14333 | Lair:1   | Noticed an eight-headed hydra
 14346 | Lair:1   | Killed a 12-headed hydra
 14347 | Lair:1   | Reached XP level 12. HP: 106/110 MP: 11/11
 14443 | Lair:1   | Reached skill level 10 in Dodging
 14724 | Lair:1   | Reached skill level 15 in Axes
 15524 | Lair:2   | Found a staircase to the Swamp.
 15933 | Lair:2   | Received a gift from Trog
 16139 | Lair:1   | Identified a scroll of acquirement
 16139 | Lair:1   | Acquired the +7 broad axe "Ypiaw" {flame, Str+4 Stlth+}
 16385 | Lair:2   | Reached skill level 16 in Axes
 17137 | Lair:2   | Found a hole to the Spider Nest.
 17515 | Lair:3   | Reached XP level 13. HP: 118/118 MP: 12/12
 17589 | Lair:3   | Found a dark tunnel.
 17595 | Volcano  | Entered a volcano
 17792 | Volcano  | Found a burning altar of Makhleb.
 19827 | Lair:4   | Reached skill level 17 in Axes
 20753 | Lair:5   | Reached skill level 1 in Shields
 20898 | Lair:5   | Reached XP level 14. HP: 118/129 MP: 13/13
 20968 | Lair:5   | Found a runed translucent door.
 20968 | Lair:5   | Found a viscous altar of Jiyva.
 20968 | Lair:5   | Found a staircase to the Slime Pits.
 20968 | Lair:5   | Noticed an azure jelly
 20968 | Lair:5   | Noticed an azure jelly
 21498 | Lair:6   | Entered Level 6 of the Lair of Beasts
 21498 | Lair:6   | Found a snail-covered altar of Cheibriados.
 21937 | Lair:6   | Reached skill level 5 in Shields
 22180 | Lair:6   | Reached skill level 18 in Axes
 22248 | Lair:6   | Found a burning altar of Makhleb.
 22269 | Lair:6   | Received a gift from Trog
 22289 | Lair:6   | Found a gateway to Hell.
 23038 | D:9      | Bought a runed plate armour for 806 gold pieces
 23345 | D:10     | Killed Sonja
 23368 | D:10     | Found an ancient bone altar of Kikubaaqudgha.
 24414 | D:13     | Got a twitching copper ring
 24416 | D:13     | Identified the ring "Pozov" {Str+2 Int+2 SInv} (You found
                  | it on level 13 of the Dungeon)
 24653 | D:13     | Noticed Snorg
 24662 | D:13     | Killed Snorg
 25771 | D:14     | Reached XP level 15. HP: 138/138 MP: 14/14
 25842 | D:14     | Found a gate to the Vaults.
 26073 | D:14     | Received a gift from Trog
 26124 | D:14     | Reached skill level 19 in Axes
 26694 | D:15     | Entered Level 15 of the Dungeon
 26801 | D:15     | Found a gate leading to a gauntlet.
 26808 | Gauntlet | Entered a Gauntlet
 26808 | Gauntlet | Found a transporter.
 26808 | Gauntlet | Found a transporter.
 26816 | Gauntlet | Found a transporter.
 26820 | Gauntlet | Found a transporter.
 26832 | Gauntlet | Found a transporter.
 26834 | Gauntlet | Found a transporter.
 26844 | Gauntlet | Found a transporter.
 26936 | Gauntlet | Found a transporter.
 26938 | Gauntlet | Found a transporter.
 26948 | Gauntlet | Found a transporter.
 26950 | Gauntlet | Found a transporter.
 26960 | Gauntlet | Found a transporter.
 27105 | Gauntlet | Got a heavily runed marble ring
 27107 | Gauntlet | Identified the cursed ring of Vig Cyet {rPois EV-4} (You
                  | found it in a Gauntlet)
 27168 | Gauntlet | Got a glimmering plate armour
 27193 | Gauntlet | Identified the +8 plate armour of Uskayaw's Outrage
                  | {Slay+3} (You found it in a Gauntlet)
 27313 | D:15     | Received a gift from Trog
 27544 | D:15     | Gained mutation: You are dopey. (Int -2) [a shining eye]
 27563 | D:15     | Found a staircase to the Depths.
 27818 | D:15     | Found a sacrificial altar of Ru.
 28312 | Swamp:1  | Entered Level 1 of the Swamp
 28565 | Swamp:1  | HP: 6/139 [swamp worm/harpoon shot (12)]
 28611 | Swamp:1  | HP: 5/139 [swamp worm/harpoon shot (14)]
 28611 | Swamp:1  | Slain by a swamp worm

Illustrated notes

Levels and vault maps discovered:
D:1:      minmay_arrival_checkered_box, layout_rooms, bh_walls_and_bars
D:2:      layout_basic, nzn_hepliaklqana_mist_gate
D:3:      layout_basic
D:4:      layout_loops_ring, minmay_stone_trees_small, uniq_ijyb
D:5:      layout_loops_cross, serial_shops, nicolae_shop_statue_plus,
          basic_altar, serial_undead, serial_undead_a, serial_undead_a,
          serial_undead_d, serial_undead_a, grunt_decor_one_mirror, uniq_grinder
D:6:      layout_loops_ring, hangedman_decor_riveting
D:7:      layout_loops_ring, lemuel_crystal_altar, lemuel_doored_altar,
          minmay_temple_entry_statues_fountains
D:8:      layout_basic, nzn_overflow_gifts_of_might_and_magic, serial_shops,
          kennysheep_mini, uniq_psyche
D:9:      layout_basic, elyvilon_altar_4, grunt_temple_overflow_open,
          erik_lair_orcish_takeover, serial_shops, shop
D:10:     layout_basic, basic_altar
D:11:     gammafunk_beogh_shrine, layout_loops_corners,
          minmay_orc_entry_temple_small, uniq_josephine, uniq_sonja,
          uniq_nergalle, uniq_maurice
D:12:     layout_loops_ring
D:13:     layout_basic, uniq_snorg
D:14:     layout_roguey, skrybe_vaults_entry_preservation,
          kennysheep_another_room, kennysheep_potato
D:15:     gammafunk_enter_depths_forms, layout_rooms,
          nicolae_ru_the_path_less_chosen, gauntlet_entry_generic
Lair:1:   layout_misc_corridors, chequers_serial_rivers_micro_e,
          nicolae_lair_grove_arrangements, minivault_11
Lair:2:   layout_gridlike, skrybe_swamp_entry_bodies,
          nicolae_spider_entry_tight_spaces, grunt_megastairs_5
Lair:3:   layout_layer_cave, nicolae_volcano_entry_two_sided, grunt_megastairs_3
Lair:4:   layout_gridlike, minmay_lair_oklob_chamber, grunt_megastairs_2,
          infiniplex_staircase_pool_2
Lair:5:   layout_cave_pods, slime_altar_2
Lair:6:   evil_forest, layout_misc_corridors, lemuel_oklob_altar
Swamp:1:  layout_basic_swamp, hangedman_swamp_ruin_wall, swamp_pool3

Skill      XL: |  1  2  3  4  5  6  7  8  9 10 11 12 13 14 15 |
---------------+----------------------------------------------+-----
Axes           | 4 5 6 7 9 11 12 14 16 17 18 19 | 19.6
Fighting       | 4 5 6 7 8 9 11 12 13 14 | 14.7
Armour         | 3 4 5 6 8 9 10 12 13 14 | 14.6
Dodging        | 3 4 5 6 7 8 9 11 12 13 | 13.5
Shields        | 3 6 9 |  9.1

Action                   |  1- 3 |  4- 6 |  7- 9 | 10-12 | 13-15 || total
-------------------------+-------+-------+-------+-------+-------++-------
Melee: Hand axe          |    93 |     9 |       |       |       ||   102
       Headbutt          |     4 |    16 |    63 |    90 |   195 ||   368
       War axe           |       |   120 |   309 |    58 |       ||   487
       Battleaxe         |       |       |       |   367 |       ||   367
       Broad axe         |       |       |       |    22 |   734 ||   756
Invok: Berserk           |     1 |     6 |    11 |    19 |    22 ||    59
       Trog's Hand       |       |     3 |     3 |     3 |    13 ||    22
       Brothers in Arms  |       |       |     1 |     3 |     8 ||    12
  Use: Scroll            |     7 |     5 |    12 |    10 |    16 ||    50
       Potion            |       |       |     1 |     3 |     7 ||    11
 Stab: Sleeping          |       |     1 |       |       |       ||     1
       Distracted        |       |       |       |       |     3 ||     3
Armor: Animal skin       |    14 |    12 |       |       |       ||    26
       Ring mail         |       |    15 |    27 |       |       ||    42
       Leather armour    |       |     2 |       |       |       ||     2
       Plate armour      |       |       |   135 |   332 |   206 ||   673
       Chain mail        |       |       |       |       |   137 ||   137
Dodge: Dodged            |    77 |    73 |   146 |   356 |   480 ||  1132
       Repelled          |       |       |    10 |     2 |    10 ||    22
Block: Buckler           |       |       |       |       |   170 ||   170
       Reflection        |       |       |       |       |    44 ||    44
       Kite shield       |       |       |       |       |    89 ||    89
